[ PARTIDA AOE2 · #505131028 ]
UnrankedBohemios vs Incas
Equipo del jugador · DERR
Equipo rival · VICT
[ ANÁLISIS DE REPETICIÓN · EXTRAÍDO DE LA PARTIDA GRABADA ]
Feudal
10:14
Castillos
18:23
Imperial
39:23
| APM promedio | 49.3 |
| APM pico | 79 |
| eAPM promedio | 29.7 |
| Aldeanos / militares | 145 / 107 |
Foco
⚔️ 31.4% · 🌾 68.6%
Militia ×59 · Hand Cannoneer ×27 · Hussite Wagon ×10 · Mangonel ×4 · Trebuchet (Packed) ×4 · Monk ×1
Feudal
9:43
Castillos
22:57
Imperial
37:11
| APM promedio | 51.0 |
| APM pico | 89 |
| eAPM promedio | 20.4 |
| Aldeanos / militares | 149 / 114 |
Foco
⚔️ 39.1% · 🌾 60.9%
Unknown (2550) ×65 · Petard ×50 · Skirmisher ×46 · Spearman ×8 · Trebuchet (Packed) ×5 · Archer ×4
Mapa de la partida
Recursos iniciales + cada clic de construcción. Líneas = muros · curvas = relieve. ◆ oro · ⬟ piedra · ● bayas · ✦ reliquia · ◌ hueco del cierre
Tu base· Abierta — el rival se encerró
Base de MrDiiego/twitch.tv· ✓ Cerrada en 22:57 · 39t muro · sin puerta
Terreno inicial suavizado · ◌ = hueco del cierre detectado · pasá el cursor para detalles
Inputs por minuto
— Men Call Me Gladiator - - MrDiiego/twitch.tv
Build order — Men Call Me Gladiator
Primeras 150 de 491 acciones detectadas
| 0:00 | Encolar | Villager (Male) |
| 0:01 | Encolar | Villager (Male) |
| 0:02 | Construir | House |
| 0:03 | Construir | House |
| 0:18 | Encolar | Villager (Male) |
| 0:40 | Encolar | Villager (Male) |
| 1:24 | Encolar | Villager (Male) |
| 1:46 | Encolar | Villager (Male) |
| 1:53 | Construir | Lumber Camp |
| 2:14 | Encolar | Villager (Male) |
| 2:44 | Encolar | Villager (Male) |
| 2:58 | Encolar | Villager (Male) |
| 3:13 | Construir | House |
| 3:36 | Encolar | Villager (Male) |
| 3:44 | Encolar | Villager (Male) |
| 4:13 | Encolar | Villager (Male) |
| 4:19 | Construir | Mill |
| 4:42 | Encolar | Villager (Male) |
| 4:43 | Encolar | Villager (Male) |
| 5:26 | Construir | House |
| 5:40 | Encolar | Villager (Male) |
| 5:49 | Construir | Palisade Wall |
| 5:50 | Encolar | Villager (Male) |
| 6:03 | Construir | Palisade Wall |
| 6:34 | Construir | Palisade Wall |
| 6:36 | Construir | Palisade Wall |
| 6:38 | Construir | Palisade Wall |
| 6:47 | Encolar | Villager (Male) |
| 6:49 | Investigar | Loom |
| 6:50 | Encolar | Villager (Male) |
| 6:56 | Construir | Palisade Wall |
| 6:57 | Construir | Palisade Wall |
| 7:01 | Construir | Palisade Wall |
| 7:02 | Construir | Palisade Wall |
| 7:04 | Construir | Palisade Wall |
| 7:06 | Construir | Palisade Wall |
| 7:13 | Construir | Palisade Wall |
| 7:22 | Encolar | Villager (Male) |
| 7:24 | Construir | Palisade Wall |
| 7:46 | Investigar | Feudal Age |
| 8:11 | Construir | Farm |
| 8:13 | Construir | Farm |
| 8:15 | Construir | Farm |
| 8:19 | Construir | Palisade Wall |
| 8:22 | Construir | Palisade Wall |
| 8:23 | Construir | Palisade Wall |
| 8:25 | Construir | Palisade Wall |
| 8:41 | Construir | House |
| 8:43 | Construir | Palisade Wall |
| 8:45 | Construir | Palisade Wall |
| 8:51 | Construir | House |
| 8:57 | Construir | Farm |
| 9:00 | Encolar | Villager (Male) |
| 9:17 | Encolar | Villager (Male) |
| 10:02 | Construir | Barracks |
| 10:09 | Construir | Farm |
| 10:14 | Edad | Edad Feudal |
| 10:24 | Construir | Farm |
| 10:25 | Investigar | Double-Bit Axe |
| 10:59 | Encolar | Villager (Male) |
| 11:12 | Construir | Stable |
| 11:23 | Encolar | Villager (Male) |
| 11:38 | Construir | Farm |
| 11:40 | Construir | Farm |
| 12:02 | Construir | Farm |
| 12:03 | Encolar | Villager (Male) |
| 12:13 | Encolar | Villager (Male) |
| 12:33 | Encolar | Villager (Male) |
| 12:53 | Encolar | Villager (Male) |
| 13:12 | Encolar | Scout Cavalry |
| 13:26 | Construir | Farm |
| 13:38 | Encolar | Villager (Male) |
| 13:49 | Encolar | Villager (Male) |
| 14:17 | Construir | Market |
| 14:22 | Encolar | Villager (Male) |
| 14:39 | Encolar | Villager (Male) |
| 14:48 | Construir | Lumber Camp |
| 15:04 | Encolar | Villager (Male) |
| 15:18 | Construir | Farm |
| 15:21 | Construir | Palisade Wall |
| 15:28 | Construir | House |
| 15:30 | Construir | Farm |
| 15:32 | Construir | Farm |
| 15:43 | Investigar | Castle Age |
| 15:58 | Construir | Palisade Wall |
| 16:08 | Construir | Palisade Wall |
| 16:41 | Construir | Blacksmith |
| 16:47 | Construir | Blacksmith |
| 16:54 | Construir | Mining Camp |
| 17:20 | Construir | Stable |
| 17:22 | Encolar | Villager (Male) |
| 17:57 | Encolar | Villager (Male) |
| 18:03 | Construir | Archery Range |
| 18:23 | Edad | Edad de los Castillos |
| 18:27 | Encolar | Knight |
| 18:36 | Construir | Archery Range |
| 18:37 | Encolar | Villager (Male) |
| 19:26 | Construir | Market |
| 19:28 | Construir | Palisade Wall |
| 19:36 | Construir | Farm |
| 19:40 | Encolar | Villager (Male) |
| 20:06 | Construir | University |
| 20:09 | Encolar | Villager (Male) |
| 20:10 | Encolar | Villager (Male) |
| 20:16 | Construir | Farm |
| 20:21 | Encolar | Villager (Male) |
| 20:32 | Encolar | Villager (Male) |
| 20:37 | Investigar | Chemistry |
| 20:46 | Construir | House |
| 20:58 | Encolar | Villager (Male) |
| 21:03 | Construir | House |
| 21:15 | Encolar | Villager (Male) |
| 21:38 | Construir | Palisade Wall |
| 21:39 | Construir | Palisade Wall |
| 21:45 | Construir | Palisade Wall |
| 21:50 | Encolar | Villager (Male) |
| 21:54 | Encolar | Villager (Male) |
| 22:08 | Construir | Town Center |
| 22:17 | Encolar | Hand Cannoneer |
| 22:17 | Encolar | Hand Cannoneer |
| 22:18 | Encolar | Hand Cannoneer |
| 22:18 | Encolar | Hand Cannoneer |
| 22:19 | Encolar | Villager (Male) |
| 22:21 | Encolar | Hand Cannoneer |
| 22:38 | Investigar | Bow Saw |
| 22:39 | Encolar | Villager (Male) |
| 22:50 | Construir | House |
| 22:55 | Construir | House |
| 22:56 | Construir | Palisade Wall |
| 22:58 | Encolar | Hand Cannoneer |
| 23:15 | Construir | Palisade Wall |
| 23:22 | Encolar | Hand Cannoneer |
| 23:23 | Encolar | Villager (Male) |
| 23:23 | Encolar | Villager (Male) |
| 23:27 | Construir | Farm |
| 23:28 | Construir | Farm |
| 23:28 | Construir | Farm |
| 23:41 | Encolar | Hand Cannoneer |
| 23:46 | Construir | Farm |
| 24:05 | Encolar | Villager (Male) |
| 24:31 | Encolar | Villager (Male) |
| 24:40 | Construir | Siege Workshop |
| 24:42 | Encolar | Villager (Male) |
| 25:19 | Encolar | Hand Cannoneer |
| 25:29 | Encolar | Villager (Male) |
| 25:40 | Encolar | Hand Cannoneer |
| 25:48 | Construir | Town Center |
| 26:01 | Construir | Lumber Camp |
| 26:03 | Construir | Lumber Camp |
| 26:09 | Construir | Mill |
Build order — MrDiiego/twitch.tv
Primeras 150 de 428 acciones detectadas
| 0:01 | Encolar | Villager (Male) |
| 0:02 | Encolar | Villager (Male) |
| 0:02 | Encolar | Villager (Male) |
| 0:02 | Encolar | Villager (Male) |
| 0:02 | Encolar | Villager (Male) |
| 0:04 | Construir | House |
| 0:05 | Construir | House |
| 1:32 | Encolar | Villager (Male) |
| 1:58 | Encolar | Villager (Male) |
| 2:14 | Encolar | Villager (Male) |
| 2:14 | Encolar | Villager (Male) |
| 2:47 | Encolar | Villager (Male) |
| 2:47 | Encolar | Villager (Male) |
| 2:56 | Construir | Barracks |
| 3:16 | Encolar | Villager (Male) |
| 3:32 | Encolar | Villager (Male) |
| 3:33 | Encolar | Villager (Male) |
| 3:59 | Encolar | Unit 2550 |
| 4:01 | Encolar | Villager (Male) |
| 4:36 | Encolar | Villager (Male) |
| 4:36 | Encolar | Villager (Male) |
| 4:37 | Encolar | Villager (Male) |
| 4:50 | Encolar | Unit 2550 |
| 4:55 | Encolar | Villager (Male) |
| 4:56 | Encolar | Villager (Male) |
| 5:17 | Encolar | Villager (Male) |
| 5:17 | Encolar | Villager (Male) |
| 5:28 | Construir | Settlement |
| 5:52 | Encolar | Villager (Male) |
| 5:54 | Encolar | Villager (Male) |
| 5:54 | Encolar | Villager (Male) |
| 6:45 | Investigar | Loom |
| 7:29 | Investigar | Feudal Age |
| 7:51 | Encolar | Unit 2550 |
| 8:28 | Encolar | Unit 2550 |
| 8:28 | Encolar | Villager (Male) |
| 8:35 | Construir | Settlement |
| 9:14 | Construir | House |
| 9:16 | Construir | Palisade Wall |
| 9:18 | Construir | Palisade Wall |
| 9:43 | Edad | Edad Feudal |
| 9:47 | Construir | Archery Range |
| 10:02 | Encolar | Villager (Male) |
| 10:17 | Construir | House |
| 10:19 | Construir | House |
| 10:27 | Encolar | Villager (Male) |
| 10:29 | Investigar | Double-Bit Axe |
| 10:37 | Construir | Farm |
| 10:42 | Encolar | Skirmisher |
| 10:54 | Encolar | Villager (Male) |
| 11:01 | Encolar | Villager (Male) |
| 11:09 | Construir | Palisade Wall |
| 11:10 | Construir | Palisade Wall |
| 11:13 | Encolar | Archer |
| 11:25 | Encolar | Skirmisher |
| 11:31 | Encolar | Villager (Male) |
| 11:42 | Construir | Farm |
| 11:47 | Encolar | Villager (Male) |
| 11:57 | Construir | Palisade Wall |
| 12:07 | Encolar | Villager (Male) |
| 12:15 | Encolar | Skirmisher |
| 12:23 | Construir | Blacksmith |
| 12:27 | Encolar | Villager (Male) |
| 12:39 | Encolar | Skirmisher |
| 12:44 | Encolar | Spearman |
| 12:52 | Encolar | Villager (Male) |
| 13:19 | Encolar | Spearman |
| 13:21 | Construir | Farm |
| 13:25 | Encolar | Villager (Male) |
| 13:40 | Encolar | Spearman |
| 13:41 | Encolar | Villager (Male) |
| 13:49 | Construir | Farm |
| 13:55 | Encolar | Villager (Male) |
| 13:58 | Construir | Farm |
| 14:06 | Encolar | Spearman |
| 14:17 | Encolar | Villager (Male) |
| 14:23 | Construir | Farm |
| 14:29 | Encolar | Spearman |
| 14:31 | Construir | Farm |
| 14:50 | Construir | Palisade Wall |
| 15:01 | Encolar | Villager (Male) |
| 15:10 | Encolar | Villager (Male) |
| 15:20 | Construir | Farm |
| 15:22 | Construir | Farm |
| 15:31 | Investigar | Fletching |
| 15:35 | Encolar | Villager (Male) |
| 15:37 | Encolar | Spearman |
| 15:52 | Encolar | Skirmisher |
| 16:09 | Encolar | Skirmisher |
| 16:11 | Construir | Farm |
| 16:25 | Encolar | Villager (Male) |
| 16:33 | Encolar | Villager (Male) |
| 16:35 | Construir | Farm |
| 16:37 | Construir | Farm |
| 16:41 | Encolar | Skirmisher |
| 17:00 | Encolar | Skirmisher |
| 17:01 | Encolar | Villager (Male) |
| 17:02 | Construir | Farm |
| 17:07 | Construir | Farm |
| 17:11 | Investigar | Wheelbarrow |
| 17:22 | Construir | Farm |
| 17:42 | Encolar | Skirmisher |
| 17:43 | Encolar | Archer |
| 17:50 | Encolar | Spearman |
| 18:01 | Construir | Settlement |
| 18:02 | Construir | Farm |
| 18:02 | Construir | Farm |
| 18:02 | Construir | Farm |
| 18:03 | Construir | Farm |
| 18:28 | Encolar | Villager (Male) |
| 18:39 | Encolar | Villager (Male) |
| 18:44 | Encolar | Spearman |
| 18:52 | Encolar | Archer |
| 18:53 | Encolar | Villager (Male) |
| 19:11 | Construir | Market |
| 19:37 | Construir | Farm |
| 19:42 | Encolar | Archer |
| 19:48 | Encolar | Villager (Male) |
| 20:17 | Investigar | Castle Age |
| 20:17 | Investigar | Castle Age |
| 20:37 | Construir | Barracks |
| 20:51 | Investigar | Horse Collar |
| 21:06 | Encolar | Skirmisher |
| 21:07 | Investigar | Padded Archer Armor |
| 21:22 | Encolar | Skirmisher |
| 21:31 | Construir | Archery Range |
| 21:37 | Construir | Archery Range |
| 21:58 | Encolar | Skirmisher |
| 22:05 | Investigar | Gold Mining |
| 22:07 | Encolar | Villager (Male) |
| 22:10 | Construir | Farm |
| 22:11 | Construir | Farm |
| 22:13 | Construir | Farm |
| 22:14 | Construir | Farm |
| 22:16 | Encolar | Skirmisher |
| 22:20 | Investigar | Tech 1402 |
| 22:29 | Construir | Farm |
| 22:30 | Construir | Farm |
| 22:30 | Construir | Farm |
| 22:34 | Investigar | Scale Mail Armor |
| 22:57 | Edad | Edad de los Castillos |
| 23:00 | Investigar | Elite Skirmisher (upgrade) |
| 23:01 | Investigar | Bodkin Arrow |
| 23:04 | Investigar | Bow Saw |
| 23:09 | Construir | Farm |
| 23:19 | Encolar | Villager (Male) |
| 23:20 | Encolar | Skirmisher |
| 23:21 | Encolar | Skirmisher |
| 23:21 | Encolar | Skirmisher |
| 23:21 | Encolar | Skirmisher |
Cronología de la partida
| 2:56 | MrDiiego/twitch.tv · first_building Barracks |
| 5:49 | Men Call Me Gladiator · wall_segment Palisade Wall x1 |
| 6:03 | Men Call Me Gladiator · wall_segment Palisade Wall x1 |
| 6:34 | Men Call Me Gladiator · wall_segment Palisade Wall x1 |
| 6:36 | Men Call Me Gladiator · wall_segment Palisade Wall x1 |
| 6:38 | Men Call Me Gladiator · wall_segment Palisade Wall x1 |
| 6:56 | Men Call Me Gladiator · wall_segment Palisade Wall x1 |
| 6:57 | Men Call Me Gladiator · wall_segment Palisade Wall x1 |
| 7:01 | Men Call Me Gladiator · wall_segment Palisade Wall x1 |
| 7:02 | Men Call Me Gladiator · wall_segment Palisade Wall x1 |
| 7:04 | Men Call Me Gladiator · wall_segment Palisade Wall x1 |
| 7:06 | Men Call Me Gladiator · wall_segment Palisade Wall x1 |
| 7:13 | Men Call Me Gladiator · wall_segment Palisade Wall x1 |
| 7:24 | Men Call Me Gladiator · wall_segment Palisade Wall x1 |
| 8:19 | Men Call Me Gladiator · wall_segment Palisade Wall x1 |
| 8:22 | Men Call Me Gladiator · wall_segment Palisade Wall x1 |
| 8:23 | Men Call Me Gladiator · wall_segment Palisade Wall x1 |
| 8:25 | Men Call Me Gladiator · wall_segment Palisade Wall x1 |
| 8:43 | Men Call Me Gladiator · wall_segment Palisade Wall x1 |
| 8:45 | Men Call Me Gladiator · wall_segment Palisade Wall x1 |
| 9:16 | MrDiiego/twitch.tv · wall_segment Palisade Wall x5 |
| 9:18 | MrDiiego/twitch.tv · wall_segment Palisade Wall x10 |
| 9:43 | MrDiiego/twitch.tv · age_up feudal |
| 9:47 | MrDiiego/twitch.tv · first_building Archery Range |
| 10:02 | Men Call Me Gladiator · first_building Barracks |
| 10:14 | Men Call Me Gladiator · age_up feudal |
| 11:09 | MrDiiego/twitch.tv · wall_segment Palisade Wall x4 |
| 11:10 | MrDiiego/twitch.tv · wall_segment Palisade Wall x13 |
| 11:12 | Men Call Me Gladiator · first_building Stable |
| 11:57 | MrDiiego/twitch.tv · wall_segment Palisade Wall x8 |
| 14:50 | MrDiiego/twitch.tv · wall_segment Palisade Wall x1 |
| 15:06 | Men Call Me Gladiator · first_market_sell 100 stone |
| 15:21 | Men Call Me Gladiator · wall_segment Palisade Wall x1 |
| 15:38 | Men Call Me Gladiator · first_market_buy 100 food |
| 15:58 | Men Call Me Gladiator · wall_segment Palisade Wall x1 |
| 16:08 | Men Call Me Gladiator · wall_segment Palisade Wall x5 |
| 18:03 | Men Call Me Gladiator · first_building Archery Range |
| 18:23 | Men Call Me Gladiator · age_up castle |
| 19:28 | Men Call Me Gladiator · wall_segment Palisade Wall x1 |
| 21:38 | Men Call Me Gladiator · wall_segment Palisade Wall x3 |
| 21:39 | Men Call Me Gladiator · wall_segment Palisade Wall x3 |
| 21:45 | Men Call Me Gladiator · wall_segment Palisade Wall x6 |
| 22:56 | Men Call Me Gladiator · wall_segment Palisade Wall x1 |
| 22:57 | MrDiiego/twitch.tv · age_up castle |
| 23:15 | Men Call Me Gladiator · wall_segment Palisade Wall x5 |
| 24:40 | Men Call Me Gladiator · first_building Siege Workshop |
| 26:44 | Men Call Me Gladiator · wall_segment Palisade Wall x1 |
| 27:01 | Men Call Me Gladiator · wall_segment Palisade Wall x7 |
| 27:18 | MrDiiego/twitch.tv · first_market_sell 500 stone |
| 28:04 | MrDiiego/twitch.tv · first_market_buy 100 wood |
| 28:40 | Men Call Me Gladiator · wall_segment Palisade Wall x3 |
| 28:50 | Men Call Me Gladiator · wall_segment Palisade Wall x1 |
| 28:51 | Men Call Me Gladiator · wall_segment Palisade Wall x5 |
| 29:12 | MrDiiego/twitch.tv · first_building Monastery |
| 29:22 | Men Call Me Gladiator · wall_segment Palisade Wall x2 |
| 30:35 | Men Call Me Gladiator · wall_segment Palisade Wall x2 |
| 30:55 | Men Call Me Gladiator · first_building Monastery |
| 31:30 | MrDiiego/twitch.tv · first_building Castle |
| 31:47 | Men Call Me Gladiator · wall_segment Palisade Wall x1 |
| 32:54 | Men Call Me Gladiator · first_building Castle |
| 37:11 | MrDiiego/twitch.tv · age_up imperial |
| 39:23 | Men Call Me Gladiator · age_up imperial |
| 41:05 | Men Call Me Gladiator · wall_segment Palisade Wall x7 |
| 48:21 | Men Call Me Gladiator · resign |
[ ANÁLISIS IA · 1 CRÉDITO ]
¿Qué pasó realmente en esta partida?
Wolo.gg analiza cada decisión: build order, eco, micro, errores típicos por bracket. Análisis personalizado por WhatsApp o Discord en 30 segundos.
Guía civ
Bohemios
Perfil
Men Call Me Gladiator